 Dungeon Crawl Stone Soup version 0.19.1 (webtiles) character file.

74 Patate the Sneak (level 4, -2/21 HPs)
             Began as a Spriggan Enchanter on Nov 23, 2016.
             Slain by a worm (10 damage)
             ... on level 2 of the Dungeon.
             The game lasted 00:12:35 (3324 turns).

Patate the Sneak (Spriggan Enchanter)               Turns: 3324, Time: 00:12:36

Health: -2/21      AC:  4    Str:  4    XL:     4   Next: 9%
Magic:  9/10       EV: 17    Int: 16    God:
Gold:   88         SH:  0    Dex: 17    Spells: 1 memorised, 9 levels left

rFire  . . .     SeeInvis +     a - +1 dagger
rCold  + . .     Gourm    .     b - +1 robe
rNeg   . . .     Faith    .     (shield restricted)
rPois  .         Spirit   .     (helmet restricted)
rElec  .         Reflect  .     l - +0 cloak
rCorr  .         Harm     .     (gloves unavailable)
MR     .....                    (boots unavailable)
Stlth  ++++......               (no amulet)
                                o - ring of protection from cold
                                k - ring of stealth

@: drained, very quick
A: unfitting armour, see invisible, herbivore 3, speed 3, slow metabolism 2
a: no special abilities


You were on level 2 of the Dungeon.
You were not hungry.

You visited 1 branch of the dungeon, and saw 2 of its levels.

You collected 88 gold pieces.

Inventory:

Hand Weapons
 a - a +1 dagger (weapon)
Armour
 b - a +1 robe (worn)
 l - a +0 cloak (worn)
Jewellery
 k - a ring of stealth (left hand)
 o - a ring of protection from cold (right hand)
Scrolls
 e - a scroll of noise
 f - a scroll of enchant weapon {unknown}
 g - a scroll of random uselessness {unknown}
 p - a scroll of identify {unknown}
Potions
 h - 3 potions of heal wounds {unknown}
 i - a potion of mutation {unknown}
 n - a potion of agility {unknown}
Books
 c - a book of Maledictions

   Spells                             Type                      Level
   a - Corona                         Hexes                        1
   b - Ensorcelled Hibernation        Hexes/Ice                    2
   c - Confuse                        Hexes                        3
   d - Tukima's Dance                 Hexes                        3
   e - Dazzling Spray                 Conjuration/Hexes            3
Comestibles
 d - 2 bread rations
 j - 3 royal jellies


   Skills:
 - Level 1.1(0.5) Short Blades
 - Level 3.0(2.4) Dodging
 * Level 6.2(5.5) Stealth
 + Level 3.5(2.9) Spellcasting
 + Level 4.3(3.7) Hexes


You had 9 spell levels left.
You knew the following spells:

 Your Spells              Type           Power        Failure   Level  Hunger
a - Corona                Hex            ##.....      4%          1    #......


Dungeon Overview and Level Annotations

Branches:
Dungeon (2/15)

Altars:


Innate Abilities, Weirdness & Mutations

You are very small and have problems with some larger weapons.
You are too small for most types of armour.
You have supernaturally acute eyesight. (SInv)
You are a herbivore.
You cover ground extremely quickly.
You need consume almost no food.


Message History

The worm is moderately wounded.
The worm barely misses you.
Casting: Corona
Confirm with . or Enter, or press ? or * to list all spells.
Aiming: Corona
Press: ? - help, Shift-Dir - straight line, f/p - worm
Aim: a worm (moderately wounded, softly glowing, chance to defeat MR: 60%)
The worm glows brighter.
You hit the worm.
The worm is moderately wounded.
The worm completely misses you.
You barely miss the worm.
The worm is moderately wounded.
You hit the worm but do no damage.
The worm is moderately wounded.
The worm bites you.
You hit the worm.
The worm is moderately wounded.
The worm bites you!
You die...

.##.###.# #.... ## .##.# #.##
....... #. ###.# #..# ..... #.
#.# ##.## ..... #. ###.# #..# ...
#. ....# ##.# ... ## ....# #.#
#.# ....# #.# #w# ....# #.## #@#
###.#####..#####.#
#.#...)........# #.#.####..####.#
######### #.#..........#.#
#........ ###.#.#####.##.#.#
#.####### #..........(.....#
#.#######
#.#.########.###.########.#......
#.#.......................#......


You could see a worm.

Vanquished Creatures
  An adder (D:2)
  2 oozes
  A dart slug (D:1)
  A leopard gecko (D:2)
  4 bats
  2 giant cockroaches
  5 hobgoblins
  8 jackals
  9 kobolds
  2 ball pythons
  6 frilled lizards
  5 goblins
  4 rats
50 creatures vanquished.

Notes
Turn   | Place    | Note
-------+----------+-------------------------------------------
     0 | D:1      | Patate the Spriggan Enchanter began the quest for the Orb.
     0 | D:1      | Reached XP level 1. HP: 9/9 MP: 5/5
   151 | D:1      | Reached XP level 2. HP: 13/13 MP: 6/6
   531 | D:1      | Reached skill level 5 in Stealth
   990 | D:1      | Reached XP level 3. HP: 16/16 MP: 8/8
  2715 | D:2      | Reached skill level 6 in Stealth
  3152 | D:2      | Reached XP level 4. HP: 18/21 MP: 10/10
  3324 | D:2      | Slain by a worm

Skill      XL: |  1  2  3 |
---------------+----------+-----
Spellcasting   | 3 |  3.5
Stealth        | 5 6 |  6.2
Hexes          | 4 |  4.3
Short Blades   | |  1.1
Dodging        | |  3.0

Action                   |  1- 3 |  4- 6 || total
-------------------------+-------+-------++-------
Melee: Dagger            |   248 |    38 ||   286
 Cast: Corona            |    23 |     8 ||    31
  Use: Scroll            |     1 |       ||     1
 Stab: Sleeping          |     9 |       ||     9
Armor: Robe              |    33 |     3 ||    36
Dodge: Dodged            |   212 |    28 ||   240
